 Dungeon Crawl Stone Soup version 0.30-a0-390-g80c34de65d (webtiles) character file.

Game seed: 7982471700102270390

9254 cheesebisquit the Severer (level 11, -25/124 HPs)
             Began as a Minotaur Berserker on Dec 4, 2022.
             Was an Elder of Trog.
             Killed from afar by a hell hog (27 damage)
             ... with a fireball
             ... on level 1 of the Abyss.
             The game lasted 00:56:37 (8843 turns).

cheesebisquit the Severer (Minotaur Berserker)      Turns: 8843, Time: 00:56:37

Health: -25/124    AC: 21    Str: 30    XL:     11   Next: 20%
Magic:  10/10      EV:  9    Int:  4    God:    Trog [****..]
Gold:   393        SH:  3    Dex: 14    Spells: 10/10 levels left

rFire   . . .      SeeInvis .    p - +1 war axe
rCold   + . .      Faith    .    V - +0 buckler
rNeg    . . .      Spirit   .    Y - +7 chain mail "Lusiys" {Str+4 Dex+4 Slay+5 Stlth+}
rPois   .          Reflect  .    i - +2 hat
rElec   .          Harm     .    j - +1 cloak
rCorr   .          Rampage  .    (no gloves)
Will    .....                    X - +0 pair of boots
Stlth   ..........               (no amulet)
HPRegen 0.40/turn                q - ring of protection from cold
MPRegen 0.12/turn                (no ring)

@: berserking, on fire, glowing, very quick
A: horns 2, retaliatory headbutt
a: Renounce Religion, Berserk, Trog's Hand, Brothers in Arms


You were on level 1 of the Abyss.
You worshipped Trog.
Trog was greatly pleased with you.
You visited 1 branch of the dungeon, and saw 9 of its levels.
You visited the Abyss 1 time.
You also visited: Ossuary.

You collected 513 gold pieces.
You spent 120 gold pieces at shops.

Inventory:

Hand Weapons
 a - a +0 hand axe of draining
 p - a +1 war axe (weapon)
 L - a +3 battleaxe of protection
 M - a +4 hand axe
 P - a +3 vorpal battleaxe
Missiles
 e - 49 stones (quivered)
 A - 2 throwing nets
 E - 25 poisoned darts
Armour
 b - a +0 animal skin
 d - a +0 leather armour
 g - a +0 ring mail
 i - a +2 hat (worn)
 j - a +1 cloak (worn)
 l - a +0 scale mail
 m - a +0 chain mail
 u - a +1 hat
 V - a +0 buckler (worn)
 X - a +0 pair of boots (worn)
 Y - the +7 chain mail "Lusiys" (worn) {Str+4 Dex+4 Slay+5 Stlth+}
   (You found it on level 9 of the Dungeon)

   Str:       It affects your strength (+4).
   Dex:       It affects your dexterity (+4).
   Slay:      It affects your accuracy & damage with ranged weapons and melee
   (+5).
   Stlth:     It makes you more stealthy.
Jewellery
 c - a ring of fire
 q - a ring of protection from cold (left hand)
 y - a +6 ring of intelligence
Wands
 s - a wand of digging (10)
 w - a wand of roots (21)
 C - a wand of polymorph (8)
 H - a wand of mindburst (14)
 I - a wand of acid (9)
 K - a wand of paralysis (10)
 T - a wand of flame (25)
Scrolls
 h - a scroll of enchant weapon
 v - a scroll of poison
 F - 4 scrolls of teleportation
 J - 3 scrolls of identify
 N - 2 scrolls of summoning
 S - a scroll of fog
 U - 2 scrolls of vulnerability
Potions
 k - a potion of cancellation
 n - 3 potions of attraction
 o - a potion of berserk rage {unknown}
 r - 4 potions of flight
 t - a potion of ambrosia {unknown}
 x - 4 potions of mutation
 z - 2 potions of magic {unknown}
 D - a potion of lignification {unknown}
 G - 3 potions of degeneration
 O - 3 potions of heal wounds
 Q - 2 potions of might {unknown}
 R - a potion of curing
 W - 2 potions of invisibility


   Skills:
 - Level 3.8 Fighting
 + Level 20.2 Axes
 - Level 2.7 Armour
 - Level 2.4 Dodging


You had 10 spell levels left.
You didn't know any spells.
Your spell library was empty.

Dungeon Overview and Level Annotations

Branches:
Dungeon (9/15)             Temple (0/1) D:5            Lair (0/5) D:8
Ossuary (visited)
    Orc: D:9-12

Altars:
Dithmenos
Fedhas
Kikubaaqudgha
Makhleb
Nemelex Xobeh
Vehumet
Wu Jian
Xom
Lugonu

Shops:
D:6 !   D:7 =

Portals:
Abyss: D:9

Annotations:
D:9 1 transporter, SprigganGuy's ghost, journeyman SpCj


Innate Abilities, Weirdness & Mutations

You have a pair of horns on your head.
You reflexively headbutt those who attack you in melee.


Message History

The fireball engulfs the hell hog.
The hell hog completely resists.
Something shouts, "Run away, thou churlish fat-kidneyed rump-roast!"
You barely miss the hell hog. Your headbutt misses the hell hog.
The hell hog completely misses you.
You barely miss the hell hog. You slice the smoke demon!!
The hell hog breathes fire at you.
The fireball explodes!
The fireball engulfs the hell hog.
The hell hog completely resists.
The fireball engulfs you. The hell hog breathes fire at you.
The fireball explodes!
The fireball engulfs you!
The fireball engulfs the smoke demon!
The smoke demon resists.
The fireball engulfs the hell hog.
The hell hog completely resists.
The fireball engulfs the hell hog.
The hell hog completely resists.
You slash the hell hog!
The hell hog is lightly wounded.
You barely miss the hell hog. You hit the smoke demon.
The smoke demon gestures at you.
The sticky flame hits you but does no damage.
You are covered in liquid flames!
You slice the hell hog!! You headbutt the hell hog!
The hell hog is almost dead.
You slash the smoke demon!
You kill the smoke demon!
Trog accepts your kill.
You slash the hell hog!
You are covered in liquid flames!
The hell hog bites you! x2
* * * LOW HITPOINT WARNING * * *
You are too berserk!
You are covered in liquid flames!
* * * LOW HITPOINT WARNING * * *
You feel a strong urge to attack something.
You are covered in liquid flames!
* * * LOW HITPOINT WARNING * * *
The hell hog breathes fire at you.
The fireball explodes!
The fireball engulfs you!!
* * * LOW HITPOINT WARNING * * *
The hell hog breathes fire at you.
The fireball explodes!
The fireball engulfs you!!
You die...

. .... .##...###...#.
.#.##. .........#.....#...
.. ....................
### .#....##..............
# . .....##.... .........
. #....
.......ยง#......... #.. #.
........###...#....
#.....#...##....#.....#...
# . ... .##....@.hh......
..#. ............h.......
#.. . #.##...##.##.#....
....#.###.##..# ## ...
...# #.#.##...# . . . ##.
# ## ##.## ##


You could see 3 hell hogs.

Vanquished Creatures
  A large abomination (D:8)
  3 ugly things (D:8)
  A smoke demon (Abyss:1)
  Maggie (D:8)
  2 komodo dragons (D:8)
  A kobold demonologist (D:9)
  An ancient zyme (D:8)
  Prince Ribbit (D:9)
  Sigmund (D:3)
  5 small abominations (D:8)
  A wyvern (D:8)
  5 yaks
  2 basilisks (D:8)
  A steam dragon (D:8)
  4 water moccasins
  A swamp drake (D:8)
  2 black bears
  An ice beast (D:7)
  2 orc warriors
  3 sky beasts (D:7)
  A centaur (D:8)
  A phantom (D:5)
  2 kobold brigands
  Blork the orc (D:4)
  2 bullfrogs
  A necrophage (D:7)
  A gnoll sergeant (D:8)
  4 scorpions
  5 wights (D:6)
  A killer bee (D:8)
  2 howler monkeys
  2 jellies
  Crazy Yiuf (D:3)
  5 hounds
  2 gnoll boudas
  12 orc priests
  Jessica (D:2)
  Natasha (thrice) (D:2)
  Terence (D:3)
  9 orc wizards
  3 mummies (Ossuary)
  Robin (D:2)
  20 gnolls
  8 adders
  A shadow imp (D:5)
  3 white imps
  2 ufetubi
  4 adder zombies (Ossuary)
  4 dart slugs
  25 orcs
  5 ball pythons
  4 bats
  8 endoplasms
  4 giant cockroaches
  16 goblins
  5 hobgoblins (D:2)
  7 jackals
  16 kobolds
  4 quokkas
  A frilled lizard (D:3)
  A gnoll zombie (Ossuary)
  3 goblin zombies (Ossuary)
  2 kobold zombies (Ossuary)
  4 quokka zombies (Ossuary)
  4 rats
  4 rat zombies (Ossuary)
255 creatures vanquished.

Vanquished Creatures (others)
  A troll (D:8)
  An orc wizard (D:8)
  An orc (D:8)
3 creatures vanquished.

Grand Total: 258 creatures vanquished

Notes
Turn   | Place    | Note
-------+----------+-------------------------------------------
     0 | D:1      | cheesebisquit the Minotaur Berserker began the quest for
                  | the Orb.
     0 | D:1      | Reached XP level 1. HP: 19/19 MP: 0/0
   286 | D:1      | Reached XP level 2. HP: 24/27 MP: 1/1
   310 | D:1      | Reached skill level 4 in Axes
   817 | D:2      | Reached ** piety under Trog
   822 | D:2      | Reached XP level 3. HP: 33/33 MP: 2/2
   906 | D:2      | Reached skill level 5 in Axes
   936 | D:2      | Found an ornate altar of the Wu Jian Council.
  1027 | D:2      | Noticed Natasha
  1036 | D:2      | Killed Natasha
  1037 | D:2      | Reached XP level 4. HP: 39/40 MP: 3/3
  1224 | D:2      | Noticed Natasha
  1231 | D:2      | Killed Natasha
  1232 | D:2      | Reached skill level 6 in Axes
  1234 | D:2      | Noticed Robin
  1244 | D:2      | Noticed Jessica
  1247 | D:2      | Killed Jessica
  1248 | D:2      | Reached XP level 5. HP: 38/46 MP: 4/4
  1249 | D:2      | Killed Robin
  1419 | D:2      | Noticed Natasha
  1423 | D:2      | Killed Natasha
  1424 | D:2      | Reached skill level 7 in Axes
  1770 | D:3      | Found a runed translucent door.
  1771 | D:3      | Noticed Crazy Yiuf
  1871 | D:3      | Noticed Terence
  1880 | D:3      | Killed Terence
  1881 | D:3      | Reached XP level 6. HP: 52/52 MP: 5/5
  1993 | D:3      | Found a radiant altar of Vehumet.
  2019 | D:3      | Found a faded altar of an unknown god.
  2396 | D:3      | Noticed Sigmund
  2403 | D:3      | Reached skill level 8 in Axes
  2431 | D:3      | Killed Sigmund
  2432 | D:3      | Reached skill level 9 in Axes
  2719 | D:3      | Killed Crazy Yiuf
  2720 | D:3      | Reached XP level 7. HP: 58/58 MP: 6/6
  2793 | D:4      | Noticed Blork the orc
  2808 | D:4      | Killed Blork the orc
  2988 | D:4      | Reached *** piety under Trog
  3060 | D:4      | Reached skill level 10 in Axes
  3526 | D:5      | Entered Level 5 of the Dungeon
  3553 | D:5      | Reached skill level 11 in Axes
  3703 | D:5      | Reached XP level 8. HP: 66/66 MP: 7/7
  3976 | D:5      | Reached skill level 12 in Axes
  4165 | D:5      | Found a staircase to the Ecumenical Temple.
  4198 | D:5      | Reached **** piety under Trog
  4389 | D:5      | Found a shadowy altar of Dithmenos.
  4578 | D:6      | Reached skill level 13 in Axes
  4630 | D:6      | Reached skill level 14 in Axes
  4862 | D:6      | Found a sparkling altar of Nemelex Xobeh.
  4893 | D:6      | Found the +9 sword of Zonguldrok {reap}
  4917 | D:6      | Reached XP level 9. HP: 71/71 MP: 8/8
  4959 | D:6      | Found Toaboyssi's Distillery.
  4967 | D:6      | Bought a potion of heal wounds for 60 gold pieces
  4967 | D:6      | Bought a potion of heal wounds for 60 gold pieces
  5187 | D:7      | Found Wiuny's Jewellery Boutique.
  5524 | D:7      | Reached skill level 15 in Axes
  5727 | D:7      | Found a sand-covered staircase.
  5845 | Ossuary  | Entered an ossuary
  6146 | Ossuary  | Reached ***** piety under Trog
  6299 | D:7      | Found an ancient bone altar of Kikubaaqudgha.
  6832 | D:8      | Noticed Maggie
  6840 | D:8      | Killed Maggie
  6840 | D:8      | Received a gift from Trog
  6841 | D:8      | Reached skill level 16 in Axes
  6891 | D:8      | Killed a troll
  6989 | D:8      | Found a transporter.
  6990 | D:8      | Noticed a white ugly thing
  6990 | D:8      | Noticed an ancient zyme
  6991 | D:8      | Noticed a green ugly thing
  6993 | D:8      | Noticed a cyan ugly thing
  6996 | D:8      | Noticed a large abomination
  7005 | D:8      | Found a corrupted altar of Lugonu.
  7018 | D:8      | Found a transporter.
  7025 | D:8      | Killed an ancient zyme
  7026 | D:8      | Reached XP level 10. HP: 78/78 MP: 9/9
  7026 | D:8      | Killed a cyan ugly thing
  7027 | D:8      | Reached skill level 17 in Axes
  7028 | D:8      | Killed a large abomination
  7031 | D:8      | Killed a green ugly thing
  7032 | D:8      | Reached skill level 18 in Axes
  7040 | D:8      | Killed a white ugly thing
  7371 | D:8      | Found a shimmering altar of Xom.
  7460 | D:8      | Reached skill level 19 in Axes
  7763 | D:8      | Found a staircase to the Lair.
  8216 | D:9      | Reached XP level 11. HP: 83/83 MP: 10/10
  8367 | D:9      | Found a blossoming altar of Fedhas.
  8369 | D:9      | Identified the +7 chain mail "Lusiys" {Str+4 Dex+4 Slay+5
                  | Stlth+}
  8410 | D:9      | Found a transporter.
  8424 | D:9      | Noticed SprigganGuy's ghost (journeyman SpCj)
  8468 | D:9      | Found a transporter.
  8473 | D:9      | Found a burning altar of Makhleb.
  8487 | D:9      | Reached skill level 20 in Axes
  8654 | D:9      | Noticed Prince Ribbit
  8672 | D:9      | Killed Prince Ribbit
  8779 | D:9      | Found a one-way gate to the infinite horrors of the Abyss.
  8785 | Abyss:1  | Cast into level 1 of the Abyss (orc warrior)
  8834 | Abyss:1  | Noticed a hell hog
  8835 | Abyss:1  | Noticed a hell hog
  8836 | Abyss:1  | Noticed a hell hog
  8843 | Abyss:1  | HP: 2/124 [hell hog/fireball (23)]
  8843 | Abyss:1  | Killed from afar by a hell hog

Illustrated notes

Levels and vault maps discovered:
D:1:      grunt_arrival_lava_bath, layout_basic
D:2:      layout_basic, basic_altar, nicolae_eternal_life, st_stairs_1,
          uniq_robin, uniq_natasha, uniq_jessica
D:3:      layout_loops_corners, lemuel_doored_altar, basic_ecumenical_altar,
          amcnicky_mini_rare_corridor_liquid, kennysheep_pointless_box,
          uniq_sigmund, uniq_crazy_yiuf_cottage, uniq_terence
D:4:      layout_loops_ring, kennysheep_generic_room_10, uniq_blork_the_orc
D:5:      layout_cave_pods, grunt_dithmenos_shadows, minmay_temple_entry_waves,
          roderic_lattice_a
D:6:      layout_cave_pools, nemelex_spade_bored_becter, serial_shops, shop,
          water_maze_lemuel
D:7:      layout_gridville, mainiacjoe_overflow_alcove_2, enter_ossuary_2,
          serial_shops, shop
D:8:      gammafunk_corrupted_shrine, layout_gridville, xom_confusion_cloud,
          erik_lair_dragon, minivault_27, uniq_maggie
D:9:      layout_rooms, mainiacjoe_overflow_small_starburst, fedhas_altar_2,
          gammafunk_ghost_abyssal_escape, uniq_prince_ribbit1
Abyss:1:  base:
D:5

Skill      XL: |  1  2  3  4  5  6  7  8  9 10 11 |
---------------+----------------------------------+-----
Axes           | 4 5 6 7 9 11 14 16 19 20 | 20.2
Fighting       | |  3.8
Armour         | |  2.7
Dodging        | |  2.4

Action                   |  1- 3 |  4- 6 |  7- 9 | 10-12 || total
-------------------------+-------+-------+-------+-------++-------
Melee: Hand axe          |    76 |       |       |       ||    76
       Headbutt          |     9 |     9 |    38 |    21 ||    77
       War axe           |    15 |    73 |   134 |    44 ||   266
       Punch             |       |       |     1 |       ||     1
       Battleaxe         |       |       |   136 |    89 ||   225
Invok: Berserk           |     1 |     6 |     8 |     7 ||    22
       Trog's Hand       |       |     1 |     1 |     1 ||     3
  Use: Scroll            |       |       |    18 |       ||    18
       Potion            |       |       |     1 |     2 ||     3
Armor: Leather armour    |     6 |       |       |       ||     6
       Ring mail         |     7 |       |       |       ||     7
       Chain mail        |    39 |    39 |   143 |    61 ||   282
       Scale mail        |     2 |       |       |       ||     2
Dodge: Dodged            |    55 |    26 |   110 |    47 ||   238
Block: Buckler           |       |       |       |     2 ||     2

Table legend: (Time is in decaauts)
 A = Elapsed time spent in this place.
 B = Non-inter-level travel time spent in this place.
 C = Inter-level travel time spent in this place.
 D = Time resting spent in this place.
 E = Time spent auto-exploring this place.
 F = Levels seen in this place.
 G = Mean time per level.
                   A        B        C        D        E       F      G
               +--------+--------+--------+--------+--------+-----+--------+
         Total |   9009 |   8789 |    220 |   1149 |   5873 |  11 |  819.0 |
       Dungeon |   8543 |   8323 |    220 |    884 |   5792 |   9 |  949.2 |
         Abyss |     67 |     67 |      0 |     28 |     22 |   1 |   67.0 |
       Ossuary |    398 |    398 |      0 |    237 |     58 |   1 |  398.0 |
               +--------+--------+--------+--------+--------+-----+--------+

Top non-repeatable levels by time:
     D:8: 1438 daAuts
     D:7: 1208 daAuts
     D:3: 1114 daAuts
     D:5: 981 daAuts
     D:2: 926 daAuts
     D:1: 810 daAuts
     D:4: 790 daAuts
     D:6: 685 daAuts
     D:9: 588 daAuts
 Ossuary: 398 daAuts
 Abyss:1: 67 daAuts
